AoeStats
← 文風

MegaRandom

505991402Analyzed
1v1 RM · 20d ago on Sep 11, 2026· 48m 8s· 2 players
Game mode
Random Map
Map size
Tiny (2 player)
Population
200
Speed
Normal
Resources
Standard
Victory
Conquest
Starting age
Dark Age
Ending age
Imperial Age
RankedLock teamsTeams togetherTeam positionsShared explorationLock speedFull tech treeHidden civsTurbo modeCheats
Victory
Defeat
🇭🇰 Spanish · Hong Kong SAR China
1457
+19
🇱🇧 Portuguese · Lebanon
1529
-19
Chdid
0:30 Loom
9:36 Feudal Age
12:14 Double-Bit Axe
14:27 Fletching
15:23 Town Watch
16:19 Horse Collar
19:32 Wheelbarrow
22:36 Castle Age
21:33 Padded Archer Armor
22:19 Scale Barding Armor
22:25 Forging
22:40 Elite Skirmisher
23:17 Bodkin Arrow
25:31 Bow Saw
25:31 Heavy Plow
33:37 Crossbowman
34:42 Bloodlines
34:33 Husbandry
35:48 Chain Barding Armor
42:23 Imperial Age
40:39 Gold Mining
40:39 Stone Mining
41:30 Ballistics
42:43 Leather Archer Armor
43:09 Bracer
44:18 Chemistry
44:54 Hand Cart
44:40 Town Patrol
44:09 Cavalier
45:31 Plate Barding Armor
45:03 Arbalester
46:31 Husbandry
46:13 Light Cavalry
文風
11:10 Feudal Age
12:49 Loom
15:07 Castle Age
13:23 Double-Bit Axe
16:42 Loom
19:39 Bow Saw
22:09 Horse Collar
27:05 Wheelbarrow
27:34 Gold Mining
29:28 Heavy Plow
32:45 Imperial Age
30:50 Scale Barding Armor
31:22 Husbandry
30:42 Light Cavalry
31:33 Bloodlines
32:12 Chain Barding Armor
35:12 Two-Man Saw
34:30 Hand Cart
35:45 Plate Barding Armor
38:07 Chemistry
37:28 Ballistics
37:22 Forging
37:04 Fletching
37:14 Padded Archer Armor
39:30 Cavalier
42:35 Leather Archer Armor
42:56 Iron Casting
42:16 Bodkin Arrow
42:23 Scale Mail Armor
42:54 Pikeman
43:34 Squires
44:01 Conscription
43:48 Halberdier
Connection lost

Rejoining the realm…

Still unreachable

The connection could not be restored.

Session expired

The server has moved on; the page needs a fresh start.